 Dungeon Crawl Stone Soup version 0.19-a0-713-g934ebc7 (webtiles) character file.

184 Exeterus the Chopper (level 5, -1/46 HPs)
             Began as a Minotaur Fighter on June 20, 2016.
             Slain by an ogre
             ... wielding a +0 giant club
              (21 damage)
             ... on level 4 of the Dungeon.
             The game lasted 00:05:43 (2101 turns).

Exeterus the Chopper (Minotaur Fighter)             Turns: 2101, Time: 00:05:44

Health: -1/46      AC:  8    Str: 22    XL:     5   Next: 36%
Magic:  5/5        EV:  8    Int:  5    God:
Gold:   51         SH: 10    Dex:  9    Spells: 0 memorised, 6 levels left

rFire  . . .     SeeInvis .     a - +1 war axe
rCold  . . .     Gourm    .     b - +0 scale mail
rNeg   . . .     Faith    .     c - +1 shield
rPois  .         Spirit   .     (helmet restricted)
rElec  .         Dismiss  .     l - +0 cloak (curse)
rCorr  .         Reflect  .     (no gloves)
SustAt .         Harm     .     (no boots)
MR     .....                    (no amulet)
Stlth  ..........               (no ring)
                                (no ring)

@: not resistant to hostile enchantments, extremely unstealthy
A: retaliatory headbutt, horns 2
a: no special abilities


You were on level 4 of the Dungeon.
You were not hungry.

You visited 1 branch of the dungeon, and saw 4 of its levels.

You collected 51 gold pieces.

Inventory:

Hand Weapons
 a - a +1 war axe (weapon)
 k - a +3 quarterstaff of chaos
Armour
 b - a +0 scale mail (worn)
 c - a +1 shield (worn)
 l - a cursed +0 cloak (worn)
 n - a +1 cloak
Scrolls
 j - a scroll of remove curse
Potions
 d - a potion of might
 e - a potion of brilliance {unknown}
 g - 2 potions of heal wounds
 i - a potion of lignification
 o - a potion of degeneration {unknown}
Comestibles
 f - 2 bread rations
 h - a chunk of flesh


   Skills:
 + Level 4.3 Fighting
 * Level 4.5 Axes
 + Level 4.2 Armour
 + Level 1.4 Dodging
 + Level 4.1 Shields
 + Level 1.2 Spellcasting


You had 6 spell levels left.
You didn't know any spells.

Dungeon Overview and Level Annotations

Branches:
Dungeon (3/15)

Altars:
Yredelemnul


Innate Abilities, Weirdness & Mutations

You reflexively headbutt those who attack you in melee.
You have a pair of horns on your head.


Message History

The ogre shouts!
You hit the ogre.
You headbutt the ogre, but do no damage.
The ogre is lightly wounded.
The ogre hits you with a giant club!
You hit the ogre.
You headbutt the ogre, but do no damage.
The ogre is moderately wounded.
The ogre barely misses you.
You hit the ogre. You headbutt the ogre.
The ogre is moderately wounded.
The ogre barely misses you.
You slash the ogre!
The ogre is severely wounded.
The ogre hits you with a giant club!
You hit the ogre.
You headbutt the ogre, but do no damage.
The ogre is almost dead.
The ogre hits you with a giant club!!
You die...

# ####. #....###
#..O.######
#@.....####.#
#####........ ##
#.......### .#
###..####..# .
#.###....# ...
....######.......##
##
..........#####.##
#########..####.#
##.##..>##


You could see an ogre.

Vanquished Creatures
  Crazy Yiuf (D:2)
  Robin (D:2)
  7 adders (D:2)
  An ooze (D:1)
  2 dart slugs (D:2)
  3 worms (D:2)
  4 giant geckos
  A ball python (D:1)
  2 giant cockroaches
  16 goblins
  8 hobgoblins
  A quokka (D:2)
  12 bats
  3 giant newts
  A kobold (D:1)
  A rat (D:1)
64 creatures vanquished.

Notes
Turn   | Place    | Note
--------------------------------------------------------------
     0 | D:1      | Exeterus the Minotaur Fighter began the quest for the Orb.
     0 | D:1      | Reached XP level 1. HP: 19/19 MP: 0/0
   200 | D:1      | Reached XP level 2. HP: 26/27 MP: 1/1
   705 | D:2      | Reached XP level 3. HP: 33/33 MP: 2/2
   879 | D:2      | Noticed Robin
   895 | D:2      | Reached skill level 1 in Dodging
   898 | D:2      | Killed Robin
   957 | D:2      | Reached XP level 4. HP: 36/40 MP: 2/4
  1145 | D:2      | Reached skill level 1 in Spellcasting
  1618 | D:2      | Noticed Crazy Yiuf
  1625 | D:2      | Killed Crazy Yiuf
  1625 | D:2      | Reached XP level 5. HP: 30/46 MP: 5/5
  1971 | D:3      | Found a basalt altar of Yredelemnul.
  2078 | D:3      | You fall through a shaft!
  2093 | D:4      | Noticed an ogre
  2101 | D:4      | Slain by an ogre

Vault maps used:
D:1:      minmay_arrival_up_and_down
D:2:      uniq_robin, uniq_crazy_yiuf_cottage
D:3:      cheibriados_altar_wand_db, yredelemnul_altar_generic, kennysheep_nub

Skill      XL: |  1  2  3  4 |
---------------+-------------+-----
Axes           | 3 4 |  4.5
Dodging        | 1 |  1.4
Armour         | 4 |  4.2
Spellcasting   | 1 |  1.2
Fighting       | 4 |  4.3
Shields        | 4 |  4.1

Action                   |  1- 3 |  4- 6 || total
-------------------------+-------+-------++-------
Melee: War axe           |    94 |    68 ||   162
       Headbutt          |    11 |    12 ||    23
  Use: Scroll            |     7 |     1 ||     8
  Eat: Chunk             |       |     4 ||     4
Armor: Scale mail        |    44 |    13 ||    57
Dodge: Dodged            |    35 |    18 ||    53
Block: Shield            |    60 |    36 ||    96
